 Dungeon Crawl Stone Soup version 0.17.0-56-gd8de76c (webtiles) character file.

3504 Peloso the Blocker (level 9, -2/79 HPs)
             Began as a Minotaur Fighter on Dec 6, 2015.
             Was a Believer of Okawaru.
             Slain by a hill giant
             ... wielding a +0 giant spiked club
              (37 damage)
             ... on level 8 of the Dungeon.
             The game lasted 00:26:21 (7483 turns).

Peloso the Blocker (Minotaur Fighter)               Turns: 7483, Time: 00:26:22

Health: -2/79      AC: 16    Str: 22    XL:     9   Next: 80%
Magic:  8/8        EV:  8    Int:  5    God:    Okawaru [**....]
Gold:   310        SH: 12    Dex: 12    Spells: 0 memorised, 8 levels left

rFire  . . .     SeeInvis .     a - +0 long sword
rCold  . . .     Clarity  .     i - +0 plate armour
rNeg   . . .     SustAt   .     c - +0 shield
rPois  .         Gourm    .     (helmet restricted)
rElec  .         Spirit   .     (no cloak)
rCorr  .         Warding  .     t - +1 pair of gloves
rMut   .         Stasis   .     (no boots)
MR     .....                    (no amulet)
Stlth  ..........               A - ring of stealth
                                y - ring of loudness (curse)

@: not resistant to hostile enchantments, extremely unstealthy
A: retaliatory headbutt, horns 2
a: Heroism, Renounce Religion


You were on level 8 of the Dungeon.
You worshipped Okawaru.
Okawaru was pleased with you.
You were not hungry.

You visited 2 branches of the dungeon, and saw 9 of its levels.

You collected 310 gold pieces.

Inventory:

Hand Weapons
 a - a +0 long sword (weapon)
Armour
 b - a +0 scale mail
 c - a +0 shield (worn)
 i - a +0 plate armour (worn)
 t - a +1 pair of gloves (worn)
 C - a +0 chain mail
Jewellery
 f - an uncursed ring of flight
 k - an uncursed ring of poison resistance
 o - a +3 ring of evasion
 y - a cursed ring of loudness (left hand)
 A - a ring of stealth (right hand)
Wands
 z - a wand of fireball (4)
 L - a wand of digging (10)
Scrolls
 g - a scroll of blinking
 l - 3 scrolls of recharging
 n - 6 scrolls of identify {unknown}
 p - a scroll of enchant armour {unknown}
 q - 2 scrolls of remove curse {unknown}
 u - a scroll of teleportation
 v - a scroll of noise {unknown}
 w - a scroll of fog {unknown}
 B - a scroll of magic mapping {unknown}
Potions
 d - a potion of might
 h - a potion of mutation {unknown}
 m - 2 potions of haste {unknown}
 r - 6 potions of curing {unknown}
 s - 2 potions of flight {unknown}
 x - a potion of heal wounds {unknown}
 D - a potion of magic {unknown}
 F - a potion of invisibility {unknown}
 H - a potion of ambrosia {unknown}
 J - a potion of poison {unknown}
Comestibles
 e - 14 bread rations
 j - 3 meat rations
 E - 2 fruits
 G - a royal jelly
 I - a beef jerky


   Skills:
 + Level 7.5 Fighting
 + Level 8.0 Long Blades
 + Level 9.0 Armour
 + Level 5.7 Dodging
 + Level 0.8 Stealth
 + Level 9.2 Shields


You had 8 spell levels left.
You didn't know any spells.

Dungeon Overview and Level Annotations

Branches:
Dungeon (8/15)             Temple (1/1) D:5
   Lair: D:8-11

Altars:
Cheibriados
Dithmenos
Fedhas
Gozag
Makhleb
Okawaru
Qazlal
Trog
Yredelemnul
Zin
The Shining One


Innate Abilities, Weirdness & Mutations

You reflexively headbutt those who attack you in melee.
You have a pair of horns on your head.


Message History

The orc hits you but does no damage.
The trapdoor spider zombie bites you but does no damage.
You block the hill giant's attack.
You hit the hill giant but do no damage.
Your headbutt misses the hill giant.
The hill giant is severely wounded.
You block the orc's attack.
The trapdoor spider zombie bites you but does no damage.
You block the orc's attack.
Your plate armour prevents you from hitting the hill giant.
Your headbutt misses the hill giant.
The hill giant is severely wounded.
The trapdoor spider zombie bites you but does no damage.
The hill giant hits you with a giant spiked club.
You block the orc's attack.
The trapdoor spider zombie bites you but does no damage.
Your plate armour prevents you from hitting the hill giant.
The hill giant is severely wounded.
The hill giant hits you with a giant spiked club!!!
You die...

#.......#...#.......#
##.....##...##.....##
##...###...###...##
##### #...# #####
##...# #...#
##.....##...#
#.......#...#
#..?..o.Z...+
#......@#...#
##....C##...# ##...#
#...# #### #...#
#..Z# #...# ...#


You could see a hill giant, an orc and a trapdoor spider zombie.

Vanquished Creatures
  A hill giant (D:7)
  A centaur skeleton (D:6)
  The ghost of subsebi the Shield-Bearer, an amateur DDFi (D:4)
  The ghost of DeXoteric the Digger, an amateur GrEE (D:5)
  Duvessa (D:6)
  3 ogres
  2 phantoms
  An ice beast (D:7)
  A black bear (D:7)
  An orc warrior (D:6)
  A sky beast (D:7)
  A centaur (D:6)
  A big kobold (D:8)
  5 giant frogs
  A wyvern skeleton (D:7)
  Dowan (D:6)
  A scorpion (D:5)
  4 wights (D:4)
  A giant frog zombie (D:5)
  A hound (D:4)
  Jessica (D:3)
  An iguana (D:4)
  2 orc priests
  4 orc wizards
  A worker ant (D:4)
  A hound zombie (D:5)
  8 gnolls
  6 adders
  3 oozes
  An adder skeleton (D:7)
  An adder zombie (D:6)
  7 worms
  6 giant geckos
  19 orcs
  3 giant cockroaches
  6 hobgoblins
  6 jackals
  8 kobolds
  4 quokkas
  3 ball pythons
  6 bats
  6 giant newts
  11 goblins
  13 rats
157 creatures vanquished.

Notes
Turn   | Place    | Note
--------------------------------------------------------------
     0 | D:1      | Peloso the Minotaur Fighter began the quest for the Orb.
     0 | D:1      | Reached XP level 1. HP: 19/19 MP: 0/0
   179 | D:1      | Reached XP level 2. HP: 27/27 MP: 1/1
   200 | D:1      | Reached skill level 4 in Fighting
   960 | D:2      | Reached XP level 3. HP: 33/33 MP: 2/2
  1171 | D:2      | Found a burning altar of Makhleb.
  1175 | D:2      | Found a glowing silver altar of Zin.
  1176 | D:2      | Noticed an angel
  1176 | D:2      | Noticed an Executioner
  1693 | D:3      | Reached skill level 1 in Dodging
  2150 | D:3      | Reached XP level 4. HP: 41/41 MP: 3/3
  2262 | D:3      | Noticed Jessica
  2265 | D:3      | Killed Jessica
  2589 | D:3      | Noticed a moth of wrath
  2592 | D:3      | Found a bloodstained altar of Trog.
  2746 | D:4      | Reached XP level 5. HP: 45/47 MP: 4/4
  2760 | D:4      | Reached skill level 5 in Shields
  2848 | D:4      | Noticed a giant frog
  2851 | D:4      | Noticed an ogre
  2858 | D:4      | Killed a giant frog
  2864 | D:4      | Killed an ogre
  2864 | D:4      | Reached XP level 6. HP: 37/55 MP: 5/5
  2917 | D:4      | Reached skill level 5 in Fighting
  2921 | D:4      | Reached skill level 6 in Shields
  2926 | D:4      | Reached skill level 5 in Armour
  3077 | D:4      | Noticed a phantom
  3105 | D:4      | Killed a phantom
  3105 | D:4      | Reached XP level 7. HP: 52/61 MP: 6/6
  3143 | D:4      | Noticed subsebi's ghost (amateur DDFi)
  3158 | D:4      | Killed subsebi's ghost
  3158 | D:4      | Reached skill level 5 in Long Blades
  3337 | D:4      | Reached skill level 7 in Shields
  3942 | D:5      | Entered Level 5 of the Dungeon
  3965 | D:5      | Reached XP level 8. HP: 69/69 MP: 7/7
  4109 | D:5      | Found a glowing golden altar of the Shining One.
  4531 | D:5      | Noticed DeXoteric's ghost (amateur GrEE)
  4547 | D:5      | Killed DeXoteric's ghost
  4558 | D:5      | Noticed Duvessa
  4559 | D:5      | Found a staircase to the Ecumenical Temple.
  4560 | D:5      | Noticed Dowan
  4766 | D:6      | Found a blossoming altar of Fedhas.
  4914 | D:6      | Killed Duvessa
  4916 | D:6      | Killed Dowan
  4999 | Temple   | Entered the Ecumenical Temple
  5012 | Temple   | Became a worshipper of Warmaster Okawaru
  5114 | D:6      | Reached skill level 5 in Dodging
  5338 | D:6      | Found a shadowy altar of Dithmenos.
  5349 | D:6      | Noticed a centaur skeleton
  5361 | D:6      | Killed a centaur skeleton
  5361 | D:6      | Reached * piety under Okawaru
  5361 | D:6      | Reached XP level 9. HP: 74/78 MP: 8/8
  5589 | D:6      | HP: 2/78 [orc warrior/glaive (11)]
  5597 | D:6      | HP: 2/78 [orc/tomahawk (2)]
  6402 | D:5      | Reached skill level 8 in Armour
  6668 | D:7      | Noticed a hill giant
  6682 | D:7      | Killed a hill giant
  6953 | D:7      | Reached ** piety under Okawaru
  7220 | D:7      | Reached skill level 9 in Armour
  7469 | D:8      | Noticed a hill giant
  7483 | D:8      | Slain by a hill giant

Action                   |  1- 3 |  4- 6 |  7- 9 || total
-------------------------+-------+-------+-------++-------
Melee: Long sword        |   130 |   121 |   323 ||   574
  Use: Scroll            |       |     4 |     4 ||     8
       Potion            |       |       |     3 ||     3
  Eat: Chunk             |     4 |     3 |    13 ||    20
       Pizza             |       |       |     1 ||     1
